 Dungeon Crawl Stone Soup version 0.31-a0-1603-gbec6b6ccbf (webtiles) character file.

Game seed: 14115534773521855920

61 Xavori the Trooper (level 4, 9/31 HPs)
             Began as a Djinni Chaos Knight on Jan 7, 2024.
             Was a Plaything of Xom.
             Quit the game on level 2 of the Dungeon.
             The game lasted 00:01:16 (9347 turns).

Xavori the Trooper (Djinni Chaos Knight)            Turns: 9347, Time: 00:01:16

Health: 9/31       AC:  3    Str:  7      XL:     4   Next: 27%
Gold:   384        EV:  9    Int: 16 (17) God:    Xom [....*.] SH:  0 Dex: 17

rFire   + + +        a - +0 falchion (chaos)
rCold   x . .        (no shield)
rNeg    . . .        b - +2 leather armour
rPois   ∞            (helmet restricted)
rElec   .            (no cloak)
rCorr   .            (no gloves)
SInv    .            (boots unavailable)
Will    .....        (no amulet)
Stlth   +            (no ring)
HPRegen 0.25/turn    (no ring)
MPRegen 0.00/turn

%: no passive effects
@: flying, constricted
A: sickness immunity, fire resistance 3, cold vulnerability 1, float, innate
caster, HP casting, extra vitality 1, horns 1, agile 1, clever 1, deformed body,
frail 1, weak 1, MP-powered wands, devolution 2
a: Renounce Religion


You were on level 2 of the Dungeon.
You worshipped Xom.
You were a beloved toy of Xom.
You visited 1 branch of the dungeon, and saw 2 of its levels.

You collected 384 gold pieces.

Inventory:

Hand Weapons
 a - a +0 falchion of chaos (weapon)
Armour
 b - a +2 leather armour (worn)
Scrolls
 c - a scroll of butterflies
 e - 2 scrolls of teleportation {unknown}
 f - 2 scrolls of identify {unknown}
 g - a scroll of torment {unknown}
Potions
 d - a potion of curing {unknown}
 h - a potion of enlightenment {unknown}


   Skills:
 + Level 3.3 Fighting
 + Level 3.0 Long Blades
 + Level 1.6 Armour
 + Level 2.7 Dodging
 * Level 1.4 Spellcasting
 * Level 1.4 Conjurations
 * Level 1.4 Hexes
   Level 0.0 Charms
 * Level 1.4 Summonings
 * Level 1.4 Necromancy
 * Level 1.4 Translocations
   Level 0.0 Transmutations
 * Level 1.4 Fire Magic
 * Level 1.4 Ice Magic
 * Level 1.4 Air Magic
 * Level 1.4 Earth Magic
 * Level 1.4 Alchemy


You knew the following spells:

 Your Spells              Type           Power      Damage    Failure   Level
a - Apportation           Tloc           10%        N/A       19%         1
Your spell library was empty.

Dungeon Overview and Level Annotations

Branches:
Dungeon (2/15)

Altars:
Elyvilon
Xom


Innate Abilities, Weirdness & Mutations

You are immune to sickness and miasma.
You are immune to poison.
Your flesh is almost immune to the effects of heat. (rF+++)
You are vulnerable to cold. (rC-)
You float through the air rather than walking.
You learn spells naturally, not from books.
Your magical power is your life essence.
You have superior vitality. (+4 MHP)
You have a pair of small horns on your head.
You are agile. (Dex +4, Str/Int -1)
Your mind is acute. (Int +4, Str/Dex -1)
Armour fits poorly on your strangely shaped body.
You are frail. (-10% HP)
You are weak. (Str -2)
You expend health (3 HP) to strengthen your wands.
You have terrible hidden genetic defects.


Message History

The ball python barely misses you. The ball python constricts you.
Unknown command.
You closely miss the ball python.
The ball python hisses angrily.
The goblin hits you with a +0 club. The ball python closely misses you.
The ball python constricts you. The rat completely misses you.
Unknown command.
You hit the ball python.
You kill the ball python!
The goblin barely misses you. The rat closely misses you.
Unknown command.
You closely miss the goblin. The goblin barely misses you. The rat bites you.
A ribbon worm comes into view.
The goblin hits you but does no damage.
Unknown command.
You are too injured to fight recklessly!
Unknown command.
You are too injured to fight recklessly!
Unknown command.
You are too injured to fight recklessly!
Unknown command.
You are too injured to fight recklessly!
Unknown command.
You are too injured to fight recklessly!
The rat closely misses you.
The goblin unwields a +0 club.
The goblin wields a +0 sling.
The goblin shoots a sling bullet.
The sling bullet hits you but does no damage.
The rat attacks as it pursues you! The rat closely misses you.
The rat attacks as it pursues you! The rat misses you.
You feel a genetic drift. The malignance inside you grows.
The ball python attacks as it pursues you!
The ball python bites you. The ball python barely misses you.
The ball python attacks as it pursues you!
The ball python bites you but does no damage.
The ball python grabs you. The ball python constricts you.
The ball python's grasp on you weakens, but your attempt to escape fails.
The ball python bites you. The ball python constricts you. The rat bites you.
* * * LOW HITPOINT WARNING * * *
Are you sure you want to abandon this character and quit the game? (Confirm with "yes".)

#.......... ..... #..........
...... #..........
......########## #..<.).....
............#..####..........
...#........................ #
#.........#.##.##..........
..###.......g#.##...##.#######
#.......)...r@.####....#
............S.###.....###
.#...)......###........####
#..........# #.#....>....##
#....#..##.# #.#....)###..##
w......#...#.....#.....####..#
.........#......##.....##.....
.#....#..##............##.....
..#....... .....##.....##.....


You could see a goblin, a ball python and a rat.

Vanquished Creatures
  Natasha (D:2)
  A ribbon worm (D:2)
  4 bats
  3 endoplasms (D:1)
  4 hobgoblins (D:1)
  5 kobolds
  4 quokkas (D:1)
  A ball python (D:2)
  2 frilled lizards (D:1)
  4 goblins
  2 rats (D:1)
31 creatures vanquished.

Notes
Turn   | Place    | Note
-------+----------+-------------------------------------------
     0 | D:1      | Xavori the Djinni Chaos Knight began the quest for the Orb.
     0 | D:1      | Reached XP level 1. HP: 20/20 MP: 0/0
   143 | D:1      | Reached XP level 2. HP: 25/25 MP: 0/0
   161 | D:1      | XOM: silly message
   434 | D:1      | Reached XP level 3. HP: 29/30 MP: 0/0
   434 | D:1      | Learned a level 1 spell: Apportation
   440 | D:1      | Reached skill level 1 in Spellcasting
   440 | D:1      | Reached skill level 1 in Conjurations
   440 | D:1      | Reached skill level 1 in Hexes
   440 | D:1      | Reached skill level 1 in Summonings
   440 | D:1      | Reached skill level 1 in Necromancy
   440 | D:1      | Reached skill level 1 in Translocations
   440 | D:1      | Reached skill level 1 in Fire Magic
   440 | D:1      | Reached skill level 1 in Ice Magic
   440 | D:1      | Reached skill level 1 in Air Magic
   440 | D:1      | Reached skill level 1 in Earth Magic
   440 | D:1      | Reached skill level 1 in Alchemy
   711 | D:1      | Found a faded altar of an unknown god.
   879 | D:1      | XOM: silly message
  1012 | D:1      | XOM: torment (16/30 hp)
  1623 | D:1      | XOM: summons 2 hostile demons
  2336 | D:1      | XOM: give mutation
  2336 | D:1      | Gained mutation: You have a pair of small horns on your
                  | head. [Xom's mischief]
  2544 | D:1      | XOM: god gift: 320 gold pieces
  2600 | D:1      | XOM: divination: detect items
  3000 | D:1      | XOM: scenery: create altars
  3118 | D:1      | XOM: god gift: 2 grey potions {god gift}
  3181 | D:1      | XOM is BORED!
  3181 | D:1      | XOM: stat loss: -2 Int (11/13)
  3404 | D:1      | XOM: give mutation
  3404 | D:1      | Lost mutation: You have a pair of small horns on your head.
                  | [Xom's mischief]
  4532 | D:1      | XOM: summons 1 hostile demon
  4987 | D:1      | XOM: give mutation
  6076 | D:1      | XOM: give mutations
  6076 | D:1      | Gained mutation: Armour fits poorly on your strangely
                  | shaped body. [Xom's mischief]
  6076 | D:1      | Gained mutation: Your body sometimes deteriorates upon
                  | taking damage. [Xom's mischief]
  6076 | D:1      | Gained mutation: You are weak. (Str -2) [Xom's mischief]
  6766 | D:1      | XOM: scenery: create altars
  7129 | D:1      | XOM: cloud trail
  7263 | D:1      | XOM is BORED!
  7363 | D:1      | XOM: give mutations
  7363 | D:1      | Gained mutation: You are agile. (Dex +4, Str/Int -1) [Xom's
                  | grace]
  7363 | D:1      | Gained mutation: Your mind is acute. (Int +4, Str/Dex -1)
                  | [Xom's grace]
  7590 | D:1      | XOM: 3-stop teleportation journey
  7623 | D:2      | Found a white marble altar of Elyvilon.
  7959 | D:1      | XOM: give mutations
  7959 | D:1      | Gained mutation: Your flesh is almost immune to the effects
                  | of heat. (rF+++) [Xom's grace]
  7959 | D:1      | Gained mutation: You have a pair of small horns on your
                  | head. [Xom's grace]
  8150 | D:1      | XOM: give mutation
  8150 | D:1      | Gained mutation: You expend health (3 HP) to strengthen
                  | your wands. [Xom's grace]
  8815 | D:1      | XOM: scenery: 1 doors close
  9039 | D:1      | XOM: give mutations
  9039 | D:1      | Lost mutation: Your body sometimes deteriorates upon taking
                  | damage. [Xom's mischief]
  9039 | D:1      | Gained mutation: You are frail. (-10% HP) [Xom's mischief]
  9039 | D:1      | Gained mutation: You have hidden genetic defects. [Xom's
                  | mischief]
  9326 | D:2      | Noticed Natasha
  9333 | D:2      | Killed Natasha
  9334 | D:2      | Reached XP level 4. HP: 21/31 MP: 0/0
  9342 | D:2      | Gained mutation: You have terrible hidden genetic defects.
                  | [hidden defects]
  9347 | D:2      | Quit the game

Illustrated notes

Levels and vault maps discovered:
D:1:      tarquinn_simple_flora_water_d, layout_basic,
          nicolae_ecumenical_lake_church
D:2:      minmay_chambers_of_ones, layout_rooms, basic_altar,
          minmay_misc_feat_enclosed, kennysheep_generic_room_4, uniq_sigmund,
          uniq_natasha

Skill      XL: |  1  2  3 |
---------------+----------+-----
Spellcasting   | 1 |  1.4
Conjurations   | 1 |  1.4
Hexes          | 1 |  1.4
Summonings     | 1 |  1.4
Necromancy     | 1 |  1.4
Translocations | 1 |  1.4
Fire Magic     | 1 |  1.4
Ice Magic      | 1 |  1.4
Air Magic      | 1 |  1.4
Earth Magic    | 1 |  1.4
Alchemy        | 1 |  1.4
Long Blades    | 3 |  3.0
Fighting       | |  3.3
Armour         | |  1.6
Dodging        | |  2.7

Action                     |  1- 3 |  4- 6 || total
---------------------------+-------+-------++-------
  Melee: Falchion          |    99 |     6 ||   105
         Headbutt          |     3 |     1 ||     4
         Punch             |     1 |       ||     1
    Use: Potion            |     1 |       ||     1
   Stab: Petrifying        |     1 |       ||     1
 Armour: Leather armour    |    67 |    14 ||    81
  Dodge: Dodged            |    67 |    13 ||    80

Table legend: (Time is in decaauts)
 A = Elapsed time spent in this place.
 B = Non-inter-level travel time spent in this place.
 C = Inter-level travel time spent in this place.
 D = Time resting spent in this place.
 E = Time spent auto-exploring this place.
 F = Levels seen in this place.
 G = Mean time per level.
                   A        B        C        D        E       F      G
               +--------+--------+--------+--------+--------+-----+--------+
         Total |   9367 |   9291 |     76 |   8334 |    710 |   2 | 4683.5 |
       Dungeon |   9367 |   9291 |     76 |   8334 |    710 |   2 | 4683.5 |
               +--------+--------+--------+--------+--------+-----+--------+

Top non-repeatable levels by time:
     D:1: 8842 daAuts
     D:2: 524 daAuts
